 Dungeon Crawl Stone Soup version 0.31-a0-1074-g0b22e4e0f1 (webtiles) character file.

Game seed: 5424503196315200705

28 grandjackal the Trooper (level 3, 0/37 HPs)
             Began as an Ogre Warper on Nov 29, 2023.
             Slain by a goblin
             ... wielding a +0 club
             ... led by Robin
              (1 damage)
             ... on level 2 of the Dungeon.
             The game lasted 00:01:05 (1041 turns).

grandjackal the Trooper (Ogre Warper)               Turns: 1041, Time: 00:01:06

Health: 0/37       AC:  3    Str: 15    XL:     3   Next: 12%
Magic:  7/7        EV:  9    Int: 16    God:
Gold:   92         SH:  0    Dex:  8    Spells: 7/7 levels left

rFire   . . .        a - +0 mace
rCold   . . .        (no shield)
rNeg    . . .        b - +0 robe
rPois   .            (helmet restricted)
rElec   .            (no cloak)
rCorr   .            (gloves unavailable)
SInv    .            (boots unavailable)
Will    .....        (no amulet)
Stlth   +            (no ring)
HPRegen 0.26/turn    (no ring)
MPRegen 0.10/turn

%: no passive effects
@: no status effects
A: large, unfitting armour, tough skin 1
a: no special abilities


You were on level 2 of the Dungeon.
You visited 1 branch of the dungeon, and saw 2 of its levels.

You collected 92 gold pieces.

Inventory:

Hand Weapons
 a - a +0 mace (weapon)
Missiles
 d - 7 darts of dispersal (quivered)
Armour
 b - a +0 robe (worn)
Scrolls
 c - a scroll of blinking
 f - a scroll of enchant armour {unknown}
Potions
 e - a potion of attraction {unknown}
 g - a potion of might {unknown}


   Skills:
 + Level 3.2 Fighting
 + Level 2.2 Maces & Flails
 - Level 1.0 Throwing
 - Level 2.1 Dodging
 + Level 2.9 Spellcasting
 + Level 3.0 Translocations


You had 7 spell levels left.
You didn't know any spells.
Your spell library contained the following spells:

 Spells                   Type           Power      Damage    Failure   Level
 Blink                    Tloc           24%        N/A       9%          2
 Lesser Beckoning         Tloc           24%        N/A       9%          2
 Teleport Other           Tloc           12%        N/A       16%         3
 Manifold Assault         Tloc           12%        N/A       47%         4
 Vhi's Electric Charge    Tloc/Air       14%        N/A       69%         4
 Summon Forest            Summ/Tloc      3%         N/A       95%         5
 Eringya's Noxious Bog    Tmut/Pois      1%         4d6       100%        6
 Summon Hydra             Summ           1%         N/A       100%        7


Dungeon Overview and Level Annotations

Branches:
Dungeon (2/15)

Altars:

Annotations:
D:2 Robin


Innate Abilities, Weirdness & Mutations

You are too large for most types of armour.
You have tough skin. (AC +1)


Message History

The goblin barely misses you. The goblin hits you but does no damage.
A goblin comes into view. It is wielding a +0 dagger.
The goblin shouts!
You hit the goblin.
You kill the goblin!
The goblin closely misses you.
A goblin comes into view. It is wielding a +0 dagger.
The goblin barely misses you.
Robin roars a battlecry!
The goblins go into a battle-frenzy!
The goblin hits you with a +0 club. Robin throws the goblin at you!
The goblin hits you with a +0 club.
You completely miss the goblin. The goblin hits you with a +0 club.
You barely miss the goblin. The goblin hits you but does no damage.
You hit the goblin but do no damage. The goblin hits you with a +0 club.
Robin throws the goblin at you! The goblin hits you but does no damage.
You are too injured to fight recklessly!
The goblin barely misses you. The goblin closely misses you.
The goblin no longer looks unusually strong.
The goblin attacks as it pursues you! The goblin hits you with a +0 club.
Robin throws the goblin at you! The goblin barely misses you.
The goblin hits you with a +0 dagger. The goblin attacks as it pursues you!
The goblin hits you but does no damage.
You closely miss the goblin. Robin throws the goblin at you!
The goblin hits you with a +0 club.
* * * LOW HITPOINT WARNING * * *
The goblin hits you but does no damage. The goblin hits you with a +0 dagger.
* * * LOW HITPOINT WARNING * * *
Unknown command.
The goblin no longer looks unusually strong.
Robin roars a battlecry!
The goblins go into a battle-frenzy!
The goblin hits you with a +0 club.
* * * LOW HITPOINT WARNING * * *
The goblin barely misses you. The goblin hits you with a +0 dagger.
* * * LOW HITPOINT WARNING * * *
The goblin attacks as it pursues you! The goblin hits you but does no damage.
The goblin no longer looks unusually strong.
Robin throws the goblin at you! The goblin hits you with a +0 club.
You die...

#..........#
#..........###########
#.....................
#..........###........
#..........# #........
#..........# #........
#..........# ###..####
#####.###### #..#
#########@####### #..#
.........ggg....####.)###g
####...#..ggg..#....g.gg...
.........##..g.#####.#.....
.......<.##.......g..#..##.
.............####g......#
........#.).........#...#
........#........>.......#
........#..................


You could see Robin and 7 goblins.

Vanquished Creatures
  3 endoplasms
  2 giant cockroaches (D:1)
  A goblin (D:2)
  5 hobgoblins (D:1)
  A quokka (D:1)
  2 ball pythons (D:1)
  3 bats
  A kobold (D:2)
  9 rats (D:1)
27 creatures vanquished.

Notes
Turn   | Place    | Note
-------+----------+-------------------------------------------
     0 | D:1      | grandjackal the Ogre Warper began the quest for the Orb.
     0 | D:1      | Reached XP level 1. HP: 22/22 MP: 3/3
   159 | D:1      | Reached XP level 2. HP: 27/29 MP: 5/5
   946 | D:2      | Reached XP level 3. HP: 32/37 MP: 7/7
  1021 | D:2      | Noticed Robin
  1040 | D:2      | HP: 1/37 [goblin/+0 dagger[Robin] (4)]
  1041 | D:2      | Slain by a goblin

Illustrated notes

Levels and vault maps discovered:
D:1:      ncdulo_halloftheorcs, layout_basic, minmay_rat_gold_closets
D:2:      layout_rooms, basic_ecumenical_altar, uniq_terence, uniq_robin,
          uniq_sigmund

Skill      XL: |  1  2 |
---------------+-------+-----
Fighting       | 3 |  3.2
Maces & Flails | 2 |  2.2
Translocations | 3 |  3.0
Throwing       | |  1.0
Dodging        | |  2.1
Spellcasting   | |  2.9

Action                     || total
---------------------------++-------
  Melee: Mace              ||    75
         Punch             ||     1
   Stab: Sleeping          ||     2
 Armour: Robe              ||    76
  Dodge: Dodged            ||    37

Table legend: (Time is in decaauts)
 A = Elapsed time spent in this place.
 B = Non-inter-level travel time spent in this place.
 C = Inter-level travel time spent in this place.
 D = Time resting spent in this place.
 E = Time spent auto-exploring this place.
 F = Levels seen in this place.
 G = Mean time per level.
                   A        B        C        D        E       F      G
               +--------+--------+--------+--------+--------+-----+--------+
         Total |   1063 |   1021 |     42 |      0 |    833 |   2 |  531.5 |
       Dungeon |   1063 |   1021 |     42 |      0 |    833 |   2 |  531.5 |
               +--------+--------+--------+--------+--------+-----+--------+

Top non-repeatable levels by time:
     D:1: 950 daAuts
     D:2: 112 daAuts
